 Seeded DCSS version 0.28-a0-1236-gb25a51b929 (webtiles) character file.

Game seed: 10643706488536244051 (custom seed)

174 a11behringer the Slasher (level 5, 0/42 HPs)
             Began as a Formicid Fighter on Dec 25, 2021.
             Shot with a bolt by a kobold (6 damage)
             ... on level 4 of the Dungeon.
             The game lasted 00:07:38 (2729 turns).

a11behringer the Slasher (Formicid Fighter)         Turns: 2729, Time: 00:07:39

Health: 0/42       AC:  9    Str: 23    XL:     5   Next: 84%
Magic:  5/5        EV:  8    Int:  7    God:
Gold:   177        SH:  4    Dex: 10    Spells: 4/4 levels left

rFire   . . .      SeeInvis +   a - +0 long sword
rCold   . . .      Faith    .   c - +0 buckler
rNeg    . . .      Spirit   .   f - +0 chain mail
rPois   .          Reflect  .   (helmet unavailable)
rElec   .          Harm     .   (no cloak)
rCorr   .          Rampage  .   (no gloves)
Will    .....                   (no boots)
Stlth   ..........              (no amulet)
HPRegen 0.14/turn               (no ring)
MPRegen 0.09/turn               (no ring)

@: mighty
A: permanent stasis, dig shafts and tunnels, antennae 3, four strong arms
a: Dig, Shaft Self


You were on level 4 of the Dungeon.
You visited 1 branch of the dungeon, and saw 6 of its levels.

You collected 177 gold pieces.

Inventory:

Hand Weapons
 a - a +0 long sword (weapon)
 m - a +2 short sword of electrocution
Armour
 b - a +0 scale mail
 c - a +0 buckler (worn)
 f - a +0 chain mail (worn)
 p - a +0 pair of boots
Magical Staves
 i - a staff of conjuration
Jewellery
 g - an amulet of guardian spirit
 k - an amulet of magic regeneration
Scrolls
 e - 6 scrolls of teleportation {unknown}
 j - a scroll of vulnerability {unknown}
 n - a scroll of noise {unknown}
 o - a scroll of immolation {unknown}
Potions
 h - a potion of flight {unknown}
 l - a potion of lignification {unknown}


   Skills:
 + Level 3.9 Fighting
 * Level 4.5 Long Blades
 + Level 3.7 Armour
 + Level 0.2 Dodging
 + Level 4.3 Shields


You had 4 spell levels left.
You didn't know any spells.
Your spell library was empty.

Dungeon Overview and Level Annotations

Branches:
Dungeon (6/15)
 Temple: D:4-7

Altars:

Shops:
D:2 (   D:5 ?

Annotations:
D:4 3 runed translucent doors, Adrian566's ghost, amateur TrFi


Innate Abilities, Weirdness & Mutations

You cannot be hasted, slowed, berserked, paralysed or teleported.
You can dig through walls and to a lower floor.
You have a pair of large antennae on your head. (SInv)
Your four strong arms can wield two-handed weapons with a shield.


Message History

The black bear growls angrily.
You see here a book of Vapours.
You feel very mighty all of a sudden.
A kobold comes into view. It is wielding a +0 short sword.
The kobold shouts!
The black bear bites you but does no damage.
The black bear claws you. The black bear barely misses you.
A necrophage comes into view.
You slash the black bear!
The black bear is heavily wounded.
The black bear bites you. The black bear claws you.
The black bear claws you but does no damage.
The black bear bites you. The black bear claws you. x2
An ogre comes into view. It is wielding a +0 giant club.
You barely miss the black bear.
The black bear is heavily wounded.
The ogre shouts!
The black bear bites you.
The black bear claws you but does no damage. x2
You closely miss the black bear.
The black bear is heavily wounded.
The black bear bites you.
* * * LOW HITPOINT WARNING * * *
The black bear claws you.
* * * LOW HITPOINT WARNING * * *
The black bear claws you but does no damage.
You slash the black bear!
The black bear is severely wounded.
The black bear completely misses you.
The black bear claws you but does no damage.
The black bear barely misses you.
You barely miss the black bear.
The black bear is severely wounded.
The black bear barely misses you. The black bear closely misses you. x2
Unknown command.
You slash the black bear!
You kill the black bear!
The kobold unwields a +0 short sword.
The kobold wields a +0 hand crossbow.
The kobold shoots a bolt.
The bolt hits you.
You die...

............#
...........#
....(......#
####......#
#......#
#......#
#.:....#
#.####.# #@#
.# #†# .#


#Kn .O.# #.## ... ... ... You could see an ogre, a necrophage and a kobold.

Vanquished Creatures
  A black bear (D:4)
  A scorpion (D:5)
  An orc wizard (D:3)
  2 adders
  3 worms (D:2)
  A dart slug (D:2)
  7 orcs (D:3)
  5 endoplasms
  A giant cockroach (D:3)
  8 goblins
  3 hobgoblins
  2 quokkas
  6 ball pythons
  6 bats
  2 frilled lizards
  2 kobolds
  7 rats (D:2)
58 creatures vanquished.

Notes
Turn   | Place    | Note
-------+----------+-------------------------------------------
     0 | D:1      | a11behringer the Formicid Fighter began the quest for the
                  | Orb.
     0 | D:1      | Reached XP level 1. HP: 18/18 MP: 1/1
   245 | D:1      | Found a faded altar of an unknown god.
   334 | D:1      | Reached XP level 2. HP: 24/24 MP: 2/2
   888 | D:2      | Reached XP level 3. HP: 25/29 MP: 3/3
  1038 | D:2      | Found Reog's Weapon Boutique.
  1353 | D:2      | Reached XP level 4. HP: 23/36 MP: 4/4
  2353 | D:3      | Reached XP level 5. HP: 42/42 MP: 5/5
  2478 | D:3      | You fall into a shaft and drop 3 floors!
  2478 | D:6      | Noticed a bullfrog
  2480 | D:6      | Noticed a steam dragon
  2512 | D:5      | Entered Level 5 of the Dungeon
  2618 | D:5      | Found Haucac's Magic Scroll Shop.
  2632 | D:5      | Noticed an ogre
  2691 | D:4      | Found a runed translucent gate.
  2691 | D:4      | Found a runed translucent gate.
  2693 | D:4      | Noticed Adrian566's ghost (amateur TrFi)
  2697 | D:4      | Found a runed translucent gate.
  2718 | D:4      | Noticed a black bear
  2723 | D:4      | Noticed a necrophage
  2724 | D:4      | Noticed an ogre
  2729 | D:4      | Killed a black bear
  2729 | D:4      | Shot with a bolt by a kobold

Illustrated notes

Levels and vault maps discovered:
D:1:      dpeg_arrival_tiny_d, layout_loops_ring,
          ebering_ecumenical_altar_abandoned, hex_large,
          chequers_serial_rivers_room_a
D:2:      cheibrodos_helix_gallery, layout_rooms, serial_shops, shop
D:3:      layout_loops_ring
D:4:      layout_rooms, minmay_temple_entry_waves, serial_shops, shop,
          gammafunk_ghost_split, uniq_duvessa, uniq_pargi
D:5:      minmay_evil_eye, layout_basic, serial_shops, nicolae_stop_n_shop_1,
          kennysheep_little_box, nicolae_square_shop, minmay_curled_crystal,
          minivault_11, hangedman_decor_riveting, grunt_ministairs_15,
          minivault_19
D:6:      layout_rooms, grunt_ministairs_9, st_stairs_2,
          nicolae_underground_beach

Skill      XL: |  1  2  3  4  5 |
---------------+----------------+-----
Shields        | 4 |  4.3
Long Blades    | 3 4 |  4.5
Fighting       | |  3.9
Armour         | |  3.7
Dodging        | |  0.2

Action                   |  1- 3 |  4- 6 || total
-------------------------+-------+-------++-------
Melee: Long sword        |    93 |    89 ||   182
 Abil: Dig               |       |     3 ||     3
  Use: Potion            |       |     1 ||     1
Armor: Scale mail        |     4 |       ||     4
       Chain mail        |    60 |    64 ||   124
Dodge: Dodged            |    48 |    42 ||    90
Block: Buckler           |    23 |    18 ||    41

Table legend: (Time is in decaauts)
 A = Elapsed time spent in this place.
 B = Non-inter-level travel time spent in this place.
 C = Inter-level travel time spent in this place.
 D = Time resting spent in this place.
 E = Time spent auto-exploring this place.
 F = Levels seen in this place.
 G = Mean time per level.
                   A        B        C        D        E       F      G
               +--------+--------+--------+--------+--------+-----+--------+
         Total |   2777 |   2655 |    122 |      0 |   2096 |   6 |  462.8 |
       Dungeon |   2777 |   2655 |    122 |      0 |   2096 |   6 |  462.8 |
               +--------+--------+--------+--------+--------+-----+--------+

Top non-repeatable levels by time:
     D:2: 1133 daAuts
     D:1: 820 daAuts
     D:3: 565 daAuts
     D:5: 182 daAuts
     D:4: 39 daAuts
     D:6: 36 daAuts
